 Dungeon Crawl Stone Soup version 0.20.0 (webtiles) character file.

62902 edsrzf the Fighter (level 15, -18/120 HPs)
             Began as a Formicid Wizard on June 7, 2017.
             Was the Champion of Vehumet.
             Demolished by an ettin
             ... wielding a +1 dire flail of protection
              (32 damage)
             ... on level 11 of the Dungeon.
             The game lasted 01:27:52 (26016 turns).

edsrzf the Fighter (Formicid Wizard)               Turns: 26016, Time: 01:27:59

Health: -18/120    AC:  9    Str: 16    XL:     15   Next: 48%
Magic:  11/30      EV: 14    Int: 22    God:    Vehumet [******]
Gold:   1249       SH: 12    Dex:  9    Spells: 8/36 levels left

rFire    + . .     SeeInvis +   b - +2 whip (venom)
rCold    + . .     Gourm    .   J - +2 shield of Resistance {rF+ rC+ MR+}
rNeg     + . .     Faith    .   T - +2 leather armour {rN+}
rPois    +         Spirit   .   (helmet unavailable)
rElec    .         Reflect  .   W - +0 cloak
rCorr    .         Harm     .   I - +0 pair of gloves
MR       +++..                  r - +1 pair of boots
Stlth    ++........             x - amulet of regeneration
Regen    0.7/turn               p - ring of protection from magic
MPRegen  0.3/turn               A - ring "Danat" {+Fly rPois Str+2}

@: no status effects
A: permanent stasis, dig shafts and tunnels, four strong arms, antennae 3
a: Dig, Shaft Self, Renounce Religion, Evoke Flight


You were on level 11 of the Dungeon.
You worshipped Vehumet.
Vehumet was exalted by your worship.
You were not hungry.

You visited 3 branches of the dungeon, and saw 18 of its levels.
You also visited: Ossuary.

You collected 1249 gold pieces.

Inventory:

Hand Weapons
 a - a +2 dagger of draining
 b - a +2 whip of venom (weapon)
Missiles
 D - a throwing net {=f}
Armour
 r - a +1 pair of boots (worn)
 I - a +0 pair of gloves (worn)
 J - the +2 shield of Resistance (worn) {rF+ rC+ MR+}
   (You found it on level 5 of the Dungeon)

   It protects you from fire.
   It protects you from cold.
   It affects your resistance to hostile enchantments.
 T - a +2 leather armour of positive energy (worn)
 W - a +0 cloak (worn)
Jewellery
 p - a ring of protection from magic (left hand)
 x - an amulet of regeneration (around neck)
 A - the ring "Danat" (right hand) {+Fly rPois Str+2}
   (You found it on level 10 of the Dungeon)

   [ring of flight]

   It affects your strength (+2).
   It protects you from poison.
   It lets you fly.
 F - an uncursed ring of fire
Wands
 j - a wand of enslavement (20/24)
 q - a wand of iceblast (8/15)
 v - a wand of lightning (4/15)
 y - a wand of digging (13/24)
 P - a wand of acid (9/15)
 S - a wand of iceblast (12/15)
 U - a wand of paralysis (6/24)
 Y - a wand of clouds (9/9)
 Z - a wand of acid (7/15)
Scrolls
 e - 3 scrolls of fear
 i - 6 scrolls of amnesia
 k - a scroll of fog
 l - 5 scrolls of remove curse {@r2}
 m - a scroll of enchant weapon
 B - 3 scrolls of enchant armour
 C - 4 scrolls of magic mapping
 G - 2 scrolls of recharging
 L - a scroll of summoning
Potions
 d - 12 potions of curing
 g - 2 potions of might
 h - 2 potions of agility
 t - a potion of resistance
 w - 3 potions of cancellation
 z - 4 potions of mutation
 K - 3 potions of lignification
 N - 3 potions of brilliance
 R - a potion of magic
 V - a potion of flight
Books
 o - a book of Unlife
Miscellaneous
 E - a sack of spiders
Comestibles
 c - 6 bread rations
 f - 12 fruits
 n - 11 meat rations
 u - 9 royal jellies


   Skills:
 + Level 11.9 Fighting
 - Level 3.0 Armour
 + Level 5.7 Dodging
 - Level 2.4 Stealth
 - Level 9.1 Shields
 + Level 11.1 Spellcasting
 + Level 10.9 Conjurations
 - Level 6.3 Hexes
 - Level 5.0 Charms
   Level 1.0 Summonings
   Level 0.8 Translocations
 - Level 4.2 Fire Magic
 - Level 11.0 Earth Magic
 - Level 10.5 Poison Magic


You had 8 spell levels left.
You knew the following spells:

 Your Spells              Type           Power        Failure   Level  Hunger
a - Stone Arrow           Conj/Erth      ######       1%          3    None
f - Conjure Flame         Conj/Fire      #####...     1%          3    None
p - Poison Arrow          Conj/Pois      ######....   3%          6    ######.
s - Slow                  Hex            #####...     1%          2    None
w - Swiftness             Chrm/Air       ###.....     3%          2    None
z - Dazzling Spray        Conj/Hex       ######       1%          3    None
C - Mephitic Cloud        Conj/Pois/Air  #####...     1%          3    None
M - Bolt of Magma         Conj/Fire/Erth ######....   1%          5    ####...
X - Magic Dart            Conj           ####         1%          1    None


Dungeon Overview and Level Annotations

Branches:
Dungeon (11/15)            Temple (1/1) D:6            Lair (6/6) D:10
 Shoals (0/4) Lair:3       Spider (0/4) Lair:4        Slime (0/5) Lair:5
    Orc (0/2) D:9

Altars:
Ashenzari
Cheibriados
Dithmenos
Elyvilon
Fedhas
Gozag
Hepliaklqana
Kikubaaqudgha
Makhleb
Nemelex Xobeh
Okawaru
Qazlal
Ru
Sif Muna
Trog
Uskayaw
Vehumet
Xom
Yredelemnul
Zin
The Shining One

Shops:
D:5 [   D:8 *


Innate Abilities, Weirdness & Mutations

You cannot be hasted, slowed, berserked, paralysed or teleported.
You can dig through walls and to a lower floor.
Your four strong arms can wield two-handed weapons with a shield.
You have a pair of large antennae on your head. (SInv)


Message History

E - a sack of spiders You see here 2 large rocks.
Things that are here:
a battleaxe of freezing; a hand axe; a glowing robe You see here a large rock.
An orc knight comes into view. It is wielding a great sword.
The orc knight shouts!
A meliai comes into view. It is wielding a hand axe.
Casting: Stone Arrow
Confirm with . or Enter, or press ? or * to list all spells.
Aiming: Conjure Flame
Press: ? - help, Dir - move target cursor The fire ignites!
An ettin comes into view.
It is wielding a dire flail of protection and a dire flail.
Casting: Conjure Flame
Confirm with . or Enter, or press ? or * to list all spells.
Aiming: Conjure Flame
Press: ? - help, Dir - move target cursor The fire ignites!
The ettin shouts in stereo!
The orc knight is engulfed in blazing flames.
The orc knight is engulfed in blazing flames.
The orc knight hits you with a great sword!!
All of the chunks of flesh in your inventory have rotted away.
Casting: Conjure Flame
Confirm with . or Enter, or press ? or * to list all spells.
Aiming: Stone Arrow
Press: ? - help, Shift-Dir - straight line, f - orc knight
Aim: an orc knight, wielding a great sword and wearing a chain mail (flame, moderately wounded)
The stone arrow hits the orc knight.
The orc knight is heavily wounded.
The meliai invokes the aid of its god against you.
Something smites you!
The orc knight is engulfed in blazing flames.
The orc knight barely misses you.
Casting: Stone Arrow
Confirm with . or Enter, or press ? or * to list all spells.
Aiming: Stone Arrow
Press: ? - help, Shift-Dir - straight line, f/p - orc knight
Aim: an orc knight, wielding a great sword and wearing a chain mail (flame, severely wounded)
The stone arrow hits the orc knight.
The orc knight is almost dead.
The meliai mumbles some strange prayers to its god against you.
Something smites you!
The orc knight is engulfed in blazing flames.
You kill the orc knight!
Vehumet accepts your kill.
You hear a shout!
Unknown command.
Casting: Stone Arrow
Confirm with . or Enter, or press ? or * to list all spells.
Aiming: Mephitic Cloud
Press: ? - help, Shift-Dir - straight line, f - meliai
Aim: a meliai, wielding a hand axe and wearing a leather armour The ball explodes into a vile cloud!
The stinking cloud engulfs the meliai.
The stinking cloud engulfs the ettin.
The meliai is engulfed in noxious fumes.
The ettin is engulfed in noxious fumes.
The meliai is engulfed in blazing flames.
The ettin is engulfed in noxious fumes.
Unknown command.
Unknown command.
You hit the meliai.
The meliai is poisoned.
The meliai is moderately wounded.
The meliai is engulfed in blazing flames.
The meliai hits you with a hand axe. You block the meliai's attack.
The meliai is engulfed in blazing flames.
The meliai hits you but does no damage.
The meliai stings you but does no damage.
The ettin is engulfed in blazing flames.
Unknown command.
You whack the meliai!
You kill the meliai!
Vehumet accepts your kill.
You feel your power returning.
The ettin is engulfed in blazing flames.
A stone giant comes into view.
Unknown command.
Casting: Mephitic Cloud
Confirm with . or Enter, or press ? or * to list all spells.
Aiming: Stone Arrow
Press: ? - help, Shift-Dir - straight line, f - ettin
Aim: an ettin, wielding a dire flail of protection and a dire flail (flame, lightly wounded)
The stone arrow hits the ettin.
The ettin is moderately wounded.
The ettin is engulfed in blazing flames.
The ettin hits you with a dire flail of protection!
You block the ettin's attack.
Casting: Stone Arrow
Confirm with . or Enter, or press ? or * to list all spells.
Aiming: Stone Arrow
Press: ? - help, Shift-Dir - straight line, f/p - ettin
Aim: an ettin, wielding a dire flail of protection and a dire flail (flame, heavily wounded)
The stone arrow hits the ettin.
The ettin is severely wounded.
The ettin is engulfed in blazing flames.
The ettin hits you with a dire flail of protection!!!
* * * LOW HITPOINT WARNING * * *
The ettin hits you with a dire flail!!
You die...

.#.#.#.#)#[.(.#
#.#..#.#.##..##
.#.#.#.#.#....#
..#.#..#.##..## ##
#.#.#.#.[..#
#.#..#######
#.#.....#.##
##.#...#.#.#####..#
#.#.#.#.#..@C§§C#
#..#.#.#..######..#
{ {#...#.#...#
#..#.#.#..#
...#.#.#.#.#
##.#.#...#.##
##.#.....#.#
#######..##
#....#.##


You could see a stone giant and an ettin.

Vanquished Creatures
  Gastronok (Lair:1)
  A frost giant (D:11)
  A stone giant (D:11)
  An ettin (D:11)
  8 hydras
  3 centaur warriors (D:11)
  A two-headed ogre (D:10)
  Nergalle (D:11)
  A deep troll (D:11)
  3 unseen horrors (D:11)
  A lindwurm (Lair:2)
  An orc knight (D:11)
  An ugly thing (D:10)
  A cyclops (D:11)
  11 elephants
  4 black mambas
  29 spiny frogs
  A gargoyle (D:10)
  A torpor snail (Lair:6)
  4 rime drakes
  9 komodo dragons
  4 polar bears
  2 meliai (D:11)
  30 blink frogs
  5 tyrant leeches (Lair:6)
  A troll (D:10)
  2 hornets (Lair:2)
  11 hippogriffs
  38 yaks
  2 wyverns (Lair:3)
  7 vampire mosquitoes
  3 hungry ghosts
  A basilisk (shapeshifter) (D:11)
  2 basilisks
  13 water moccasins
  12 porcupines
  2 ice beasts
  4 orc warriors
  5 sky beasts
  13 wolves
  7 ogres
  17 crocodiles
  3 centaurs
  A big kobold (D:10)
  An elf zombie (Ossuary)
  29 bullfrogs
  3 elf skeletons (D:8)
  4 scorpions
  A water moccasin skeleton (D:8)
  4 wights
  6 electric eels (D:5)
  A howler monkey (D:4)
  6 crimson imps
  A quasit (D:5)
  3 centaur zombies
  A bullfrog zombie (D:11)
  5 hounds
  3 human zombies (Ossuary)
  A gnoll shaman (D:4)
  7 orc priests
  A bullfrog skeleton (D:8)
  6 jellies
  15 orc wizards
  2 iguanas
  Jessica (D:3)
  A human skeleton (D:8)
  Terence (D:3)
  7 worker ants
  A big kobold zombie (Ossuary)
  2 hound zombies (D:8)
  2 mummies (Ossuary)
  3 worker ant zombies
  11 gnolls
  16 adders
  4 shadow imps
  5 oozes
  An adder skeleton (D:7)
  An adder zombie (Ossuary)
  A worm (D:3)
  5 dart slugs
  6 leopard geckos
  46 orcs
  9 bats
  10 giant cockroaches
  10 goblins
  12 hobgoblins
  12 jackals
  16 kobolds
  8 quokkas
  8 frilled lizards
  A giant cockroach zombie (D:5)
  12 hobgoblin zombies (Ossuary)
  A jackal skeleton (D:7)
  2 jackal zombies (Ossuary)
  9 kobold zombies (Ossuary)
  An orc skeleton (D:8)
  6 orc zombies
  27 rats
  2 rat zombies (Ossuary)
629 creatures vanquished.

Vanquished Creatures (collateral kills)
  A hornet (D:10)
1 creature vanquished.

Vanquished Creatures (others)
  A gnoll (D:4)
  2 bushes (Lair:6)
  55 fungi
  82 plants
140 creatures vanquished.

Grand Total: 770 creatures vanquished

Notes
Turn   | Place    | Note
-------+----------+-------------------------------------------
     0 | D:1      | edsrzf the Formicid Wizard began the quest for the Orb.
     0 | D:1      | Reached XP level 1. HP: 13/13 MP: 4/4
    54 | D:1      | Reached skill level 1 in Conjurations
   280 | D:1      | Reached XP level 2. HP: 16/19 MP: 1/6
   461 | D:1      | Reached skill level 2 in Conjurations
   657 | D:1      | Reached XP level 3. HP: 24/24 MP: 3/7
  1151 | D:1      | Reached skill level 3 in Conjurations
  1598 | D:1      | Reached XP level 4. HP: 26/30 MP: 8/8
  2433 | D:2      | Reached skill level 4 in Conjurations
  2433 | D:2      | Reached XP level 5. HP: 32/35 MP: 1/9
  3235 | D:3      | Noticed Jessica
  3242 | D:3      | Killed Jessica
  3242 | D:3      | Reached skill level 5 in Conjurations
  3242 | D:3      | Reached XP level 6. HP: 41/41 MP: 3/10
  3384 | D:3      | Noticed Terence
  3417 | D:3      | Killed Terence
  3675 | D:3      | Found a faded altar of an unknown god.
  4251 | D:4      | Noticed an ogre
  4274 | D:4      | Killed an ogre
  4274 | D:4      | Reached skill level 6 in Conjurations
  4410 | D:4      | Learned a level 3 spell: Mephitic Cloud
  4414 | D:4      | Learned a level 3 spell: Conjure Flame
  4589 | D:4      | Noticed an ogre
  4590 | D:4      | Reached skill level 1 in Poison Magic
  4590 | D:4      | Reached XP level 7. HP: 46/46 MP: 4/11
  4672 | D:4      | Reached skill level 2 in Poison Magic
  4690 | D:4      | Reached skill level 3 in Poison Magic
  5061 | D:4      | Reached skill level 4 in Poison Magic
  5371 | D:4      | Reached XP level 8. HP: 37/52 MP: 2/12
  5509 | D:4      | Identified 3 scrolls of identify
  5509 | D:4      | Identified 2 potions of agility
  5510 | D:4      | Identified 3 scrolls of teleportation
  5511 | D:4      | Identified 3 scrolls of remove curse
  5546 | D:5      | Entered Level 5 of the Dungeon
  5591 | D:5      | Reached skill level 1 in Fire Magic
  5856 | D:5      | Found Zat Fant's Armour Emporium.
  5888 | D:5      | Reached skill level 7 in Conjurations
  5938 | D:5      | Reached skill level 2 in Fire Magic
  6232 | D:5      | Reached skill level 3 in Fire Magic
  6662 | D:5      | Reached skill level 4 in Fire Magic
  6863 | D:6      | Reached skill level 1 in Shields
  6863 | D:6      | Reached skill level 8 in Conjurations
  6863 | D:6      | Reached XP level 9. HP: 52/57 MP: 14/14
  7099 | D:6      | Found a staircase to the Ecumenical Temple.
  7116 | Temple   | Entered the Ecumenical Temple
  7253 | Temple   | Became a worshipper of Vehumet
  7315 | D:6      | Reached skill level 2 in Shields
  7315 | D:6      | Reached skill level 4 in Spellcasting
  7904 | D:6      | Reached skill level 3 in Shields
  8095 | D:6      | Reached * piety under Vehumet
  8095 | D:6      | Offered knowledge of Freeze by Vehumet.
  8486 | D:7      | Noticed a hippogriff
  8499 | D:7      | Killed a hippogriff
  8499 | D:7      | Reached skill level 4 in Shields
  8499 | D:7      | Reached skill level 5 in Spellcasting
  8736 | D:7      | Noticed a hippogriff
  8778 | D:7      | Killed a hippogriff
  8778 | D:7      | Reached skill level 5 in Shields
  8778 | D:7      | Reached skill level 9 in Conjurations
  8778 | D:7      | Reached XP level 10. HP: 50/63 MP: 10/18
  9007 | D:7      | Identified a potion of haste
  9008 | D:7      | Identified 3 potions of cancellation
  9009 | D:7      | Identified 2 potions of mutation
  9015 | D:7      | Reached skill level 6 in Spellcasting
  9141 | D:7      | Offered knowledge of Throw Flame by Vehumet.
  9151 | D:7      | Reached ** piety under Vehumet
  9151 | D:7      | Reached skill level 6 in Shields
  9831 | D:8      | Identified a potion of heal wounds
  9832 | D:8      | Identified a potion of ambrosia
  9833 | D:8      | Identified a potion of lignification
 10027 | D:8      | Found a sand-covered staircase.
 10067 | Ossuary  | Entered an ossuary
 10128 | Ossuary  | Offered knowledge of Dazzling Spray by Vehumet.
 10138 | Ossuary  | Learned a level 3 spell: Dazzling Spray
 10222 | Ossuary  | Reached *** piety under Vehumet
 10496 | Ossuary  | Offered knowledge of Stone Arrow by Vehumet.
 10504 | Ossuary  | Learned a level 3 spell: Stone Arrow
 10655 | D:8      | Reached skill level 1 in Fighting
 10673 | D:8      | Reached skill level 1 in Hexes
 10960 | D:8      | Reached skill level 7 in Shields
 11000 | D:8      | Found Ysaat's General Store.
 11015 | D:8      | Identified 2 potions of brilliance
 11209 | D:8      | Reached skill level 1 in Earth Magic
 11217 | D:8      | Reached skill level 2 in Fighting
 11362 | D:9      | Found a staircase to the Orcish Mines.
 11769 | D:9      | Reached skill level 2 in Earth Magic
 11956 | D:9      | Reached **** piety under Vehumet
 11956 | D:9      | Reached skill level 2 in Hexes
 12008 | D:9      | Reached skill level 3 in Fighting
 12210 | D:9      | Offered knowledge of Bolt of Magma by Vehumet.
 12226 | D:9      | Learned a level 5 spell: Bolt of Magma
 12334 | D:10     | Entered Level 10 of the Dungeon
 12458 | D:10     | Noticed a two-headed ogre
 12478 | D:10     | Noticed a gargoyle
 12538 | D:10     | Reached skill level 3 in Hexes
 12538 | D:10     | Reached skill level 3 in Earth Magic
 12538 | D:10     | Reached XP level 11. HP: 58/75 MP: 4/21
 12545 | D:10     | Found a stormy altar of Qazlal.
 12760 | D:10     | Reached skill level 8 in Shields
 12915 | D:10     | Reached skill level 4 in Fighting
 12915 | D:10     | Reached skill level 4 in Hexes
 12915 | D:10     | Reached skill level 4 in Earth Magic
 12943 | D:10     | Noticed a white ugly thing
 12951 | D:10     | Killed a white ugly thing
 13033 | D:10     | Got a heavily runed turquoise ring
 13035 | D:10     | Identified the ring "Danat" {+Fly rPois Str+2} (You found it on level 10 of the Dungeon)
 13051 | D:10     | Found a staircase to the Lair.
 13137 | D:10     | Reached skill level 5 in Hexes
 13137 | D:10     | Reached skill level 5 in Earth Magic
 13445 | D:10     | Reached skill level 5 in Fighting
 13543 | D:10     | Noticed an eight-headed hydra
 13558 | D:10     | Killed a two-headed ogre
 13558 | D:10     | Reached skill level 9 in Shields
 13633 | D:10     | Killed an eight-headed hydra
 13633 | D:10     | Reached skill level 6 in Hexes
 13849 | D:10     | Reached skill level 6 in Earth Magic
 13865 | D:10     | Reached skill level 7 in Spellcasting
 14034 | D:10     | Reached ***** piety under Vehumet
 14057 | D:10     | Identified a potion of resistance
 14098 | Lair:1   | Entered Level 1 of the Lair of Beasts
 14117 | Lair:1   | Noticed a seven-headed hydra
 14126 | Lair:1   | Killed a seven-headed hydra
 14126 | Lair:1   | Offered knowledge of Poison Arrow by Vehumet.
 14182 | Lair:1   | Learned a level 6 spell: Poison Arrow
 14235 | Lair:1   | Reached skill level 6 in Fighting
 14235 | Lair:1   | Reached XP level 12. HP: 88/88 MP: 9/22
 14406 | Lair:1   | Reached skill level 7 in Earth Magic
 14434 | Lair:1   | Reached skill level 5 in Poison Magic
 14651 | Lair:1   | Identified a potion of flight
 14936 | Lair:1   | Reached skill level 6 in Poison Magic
 14988 | Lair:1   | Reached skill level 7 in Fighting
 15001 | Lair:1   | Reached skill level 8 in Spellcasting
 15187 | Lair:1   | Noticed Gastronok
 15207 | Lair:1   | Killed Gastronok
 15207 | Lair:1   | Reached skill level 8 in Earth Magic
 15268 | Lair:1   | Learned a level 2 spell: Slow
 15329 | Lair:1   | Noticed a seven-headed hydra
 15334 | Lair:1   | Killed a seven-headed hydra
 15334 | Lair:1   | Reached skill level 7 in Poison Magic
 15738 | Lair:3   | Found a staircase to the Shoals.
 16093 | Lair:3   | Reached skill level 8 in Fighting
 16093 | Lair:3   | Reached XP level 13. HP: 46/98 MP: 16/25
 16294 | Lair:2   | Reached skill level 8 in Poison Magic
 16395 | Lair:2   | Reached skill level 9 in Earth Magic
 16662 | Lair:2   | Reached skill level 9 in Spellcasting
 17490 | Lair:2   | Reached skill level 9 in Poison Magic
 17499 | Lair:2   | Reached skill level 9 in Fighting
 17712 | Lair:2   | Noticed a seven-headed hydra
 17712 | Lair:2   | Reached skill level 10 in Earth Magic
 17736 | Lair:2   | Killed a seven-headed hydra
 18117 | Lair:2   | Reached skill level 10 in Conjurations
 18345 | Lair:2   | Noticed a four-headed hydra
 18380 | Lair:2   | Killed a four-headed hydra
 18479 | Lair:2   | Identified 6 scrolls of amnesia
 18480 | Lair:2   | Identified 4 scrolls of random uselessness
 18519 | Lair:2   | Reached skill level 10 in Poison Magic
 18571 | Lair:2   | Identified 5 scrolls of immolation
 19358 | Lair:3   | Reached XP level 14. HP: 103/109 MP: 8/27
 19913 | Lair:4   | Reached skill level 10 in Fighting
 19971 | Lair:4   | Identified 3 scrolls of fear
 19972 | Lair:4   | Identified 4 scrolls of enchant armour
 19973 | Lair:4   | Identified 5 scrolls of magic mapping
 19974 | Lair:4   | Identified 3 scrolls of noise
 19981 | Lair:4   | Learned a level 2 spell: Swiftness
 20070 | Lair:4   | Found a hole to the Spider Nest.
 20100 | Lair:4   | Reached skill level 11 in Earth Magic
 20205 | Lair:4   | Identified 3 scrolls of blinking
 20417 | Lair:4   | Identified a potion of might
 20418 | Lair:4   | Identified a scroll of fog
 20419 | Lair:4   | Identified a scroll of summoning
 20420 | Lair:4   | Identified a scroll of torment
 20456 | Lair:4   | Reached skill level 1 in Armour
 20456 | Lair:4   | Reached skill level 1 in Charms
 20672 | Lair:4   | Identified 3 scrolls of recharging
 20880 | Lair:5   | Offered knowledge of Fireball by Vehumet.
 20880 | Lair:5   | Reached skill level 2 in Armour
 21007 | Lair:5   | Found a staircase to the Slime Pits.
 21620 | Lair:5   | Reached skill level 2 in Charms
 21681 | Lair:5   | Identified 2 scrolls of enchant weapon
 21828 | Lair:6   | Entered Level 6 of the Lair of Beasts
 21949 | Lair:5   | Reached skill level 3 in Armour
 22014 | Lair:6   | Reached skill level 2 in Dodging
 22244 | Lair:6   | Reached skill level 3 in Charms
 22467 | Lair:6   | Reached skill level 10 in Spellcasting
 22605 | Lair:6   | Reached skill level 3 in Dodging
 22869 | Lair:6   | Identified a scroll of vulnerability
 23159 | Lair:6   | Reached skill level 11 in Fighting
 23194 | Lair:6   | Reached skill level 4 in Charms
 23266 | Lair:6   | Reached skill level 4 in Dodging
 24021 | Lair:6   | Reached XP level 15. HP: 119/119 MP: 18/29
 24242 | Lair:6   | Identified a potion of magic
 24456 | Lair:6   | Reached skill level 5 in Charms
 25061 | D:11     | Noticed Nergalle
 25072 | D:11     | Killed Nergalle
 25512 | D:11     | Reached skill level 5 in Dodging
 25747 | D:11     | Noticed a stone giant
 25777 | D:11     | Killed a stone giant
 25796 | D:11     | Got a slimy ring mail
 25797 | D:11     | Identified the +1 ring mail "Isimpacw" {Stlth+} (You found it on level 11 of the Dungeon)
 25826 | D:11     | Reached skill level 11 in Spellcasting
 25828 | D:11     | Noticed a frost giant
 25839 | D:11     | Killed a frost giant
 26014 | D:11     | Reached ****** piety under Vehumet
 26015 | D:11     | Noticed a stone giant
 26016 | D:11     | Demolished by an ettin

Skill      XL: |  1  2  3  4  5  6  7  8  9 10 11 12 13 14 15 |
---------------+----------------------------------------------+-----
Conjurations   | 1 2 3 4 5 6 8 9 10 | 10.9
Poison Magic   | 1 4 7 10 | 10.5
Fire Magic     | 4 |  4.2
Shields        | 1 5 7 9 |  9.1
Spellcasting   | 5 6 7 8 9 10 11 | 11.1
Fighting       | 3 6 8 9 11 | 11.9
Hexes          | 3 6 |  6.3
Earth Magic    | 3 6 8 10 11 | 11.0
Armour         | 3 |  3.0
Charms         | 4 5 |  5.0
Dodging        | 4 5 |  5.7
Stealth        | |  2.4
Summonings     | |  1.0
Translocations | |  0.8

Action                   |  1- 3 |  4- 6 |  7- 9 | 10-12 | 13-15 || total
-------------------------+-------+-------+-------+-------+-------++-------
Melee: Dagger            |    15 |    37 |    34 |     6 |     3 ||    95
       Unarmed           |     3 |       |       |       |       ||     3
       Whip              |       |       |   122 |   311 |   444 ||   877
 Cast: Magic Dart        |    79 |   135 |   271 |   482 |    45 ||  1012
       Conjure Flame     |       |       |     9 |    35 |    21 ||    65
       Mephitic Cloud    |       |       |     7 |    16 |    15 ||    38
       Stone Arrow       |       |       |       |    92 |   476 ||   568
       Bolt of Magma     |       |       |       |       |     5 ||     5
       Slow              |       |       |       |       |     1 ||     1
 Abil: Dig               |       |       |       |     1 |     1 ||     2
  Use: Scroll            |       |       |     3 |    12 |    18 ||    33
       Potion            |       |       |     3 |     1 |     3 ||     7
 Stab: Confused          |       |       |     3 |     3 |     1 ||     7
       Sleeping          |       |       |     2 |       |       ||     2
  Eat: Chunk             |     1 |    10 |    14 |    21 |    20 ||    66
       Bread ration      |       |       |     2 |     1 |     3 ||     6
Armor: Robe              |     2 |     5 |    27 |    27 |       ||    61
       Leather armour    |       |       |       |    31 |   109 ||   140
Dodge: Dodged            |    11 |    36 |   104 |   182 |   218 ||   551
Block: Shield            |       |       |       |   105 |   328 ||   433
